[Event "Titled Tuesday Blitz October 31 Late 2023"]
[White "Olsen, Filip Boe"]
[Black "Nikolova, Adriana"]
[WhiteFideId "1440640"]
[BlackFideId "2908689"]
[WhiteElo "2629"]
[BlackElo "2391"]
[Result "1-0"]
[Round "8"]
[TimeControl "180+1"]
[Date "2023.10.31"]
[WhiteClock "0:01:08"]
[BlackClock "0:00:14"]
[Board "94"]

1. e4 c5 2. e5 Nc6 3. Nf3 g6 4. Na3 Bg7 5. Qe2 d5 6. exd6 Qxd6 7. Nc4 Qd8 8. g3 Qd5 9. Bg2 Nd4 10. Nxd4 Qxg2 11. Qf3 Bh3 12. Qxg2 Bxg2 13. Rg1 Bd5 14. Ne3 Be4 15. Nb5 Be5 16. f4 Bb8 17. d3 Bc6 18. Nc3 Nf6 19. b3 Bc7 20. Bb2 O-O 21. O-O-O e6 22. a4 a6 23. Nc4 Nd5 24. Ne4 b6 25. a5 b5 26. Ne5 Bxe5 27. Bxe5 c4 28. bxc4 bxc4 29. dxc4 Ne3 30. Nf6+ Kg7 31. Rd6 Bf3 32. Nd7+ f6 33. Nxf8 Rxf8 34. Rd7+ Rf7 35. Rxf7+ Kxf7 36. Bc3 Nxc4 37. Rf1 Bd5 38. Re1 h5 39. Bb4 Bc6 40. c3 Bd5 41. Kc2 Bc6 42. Kd3 Bd5 43. Kd4 Nb2 44. Re2 Nc4 45. Kc5 g5 46. fxg5 fxg5 47. Rf2+ Kg6 48. Kd4 h4 49. gxh4 gxh4 50. h3 Kg5 51. Be7+ Kh5 52. Rf8 Nd2 53. Rh8+ Kg6 54. Bxh4 Kg7 55. Rh5 Kg6 56. Rg5+ Kf7 57. Rxd5 exd5 58. Kxd5 Nb3 59. Bd8 Ke8 60. Bb6 Nd2 61. h4 Nf3 62. h5 Ng5 63. h6 Nh7 64. c4 Kd7 65. Kc5 Nf6 66. Ba7 Ne4+ 67. Kb6 Nf6 68. c5 Kc8 69. Kxa6 Nh7 70. Bb6 Kb8 71. Kb5 Nf6 72. Kc6 Nh7 73. Kd6 Kc8 74. Ke6 Ng5+ 75. Kf6 Nh7+ 76. Kg7 Ng5 77. h7 Nxh7 78. Kxh7 Kb7 79. Kg7 Kc6 80. Kf7 Kb7 81. Ke7 Ka8 82. Kd7 Kb8 83. Kc6 Ka8 84. Kd7 Kb8 85. c6 Ka8 86. c7 Kb7 87. c8=Q# 1-0


[Site "https://www.chess.com"]

[Event "Titled Tuesday Blitz October 31 Late 2023"]
[White "Todorovic, Bojan"]
[Black "Martinez Reyes, Pedro Ramon"]
[WhiteFideId "917087"]
[BlackFideId "3901807"]
[WhiteElo "2383"]
[BlackElo "2610"]
[Result "0-1"]
[Round "8"]
[TimeControl "180+1"]
[Date "2023.10.31"]
[WhiteClock "0:00:10"]
[BlackClock "0:01:11"]
[Board "95"]

1. Nf3 d6 2. d4 Nf6 3. c4 g6 4. Nc3 Bg7 5. e4 O-O 6. Be2 c5 7. d5 e6 8. O-O exd5 9. cxd5 Re8 10. Nd2 Na6 11. f3 Nc7 12. a4 b6 13. Nc4 Ba6 14. Kh1 Bxc4 15. Bxc4 a6 16. Bg5 h6 17. Bh4 g5 18. Bf2 Rb8 19. Qd3 Qc8 20. Rab1 Nd7 21. Bg3 Ne5 22. Bxe5 Bxe5 23. b4 cxb4 24. Rxb4 b5 25. axb5 Nxb5 26. Nxb5 Qc5 27. Rfb1 axb5 28. Bxb5 Rec8 29. g3 Qf2 30. Qf1 Qc2 31. Bc6 Rxb4 32. Rxb4 Kg7 33. Rc4 Qb3 34. Rc1 Rb8 35. f4 Bd4 36. Qg2 Qe3 37. Rf1 Rb2 38. Qf3 Qd2 39. Qh5 Qg2# 0-1


[Site "https://www.chess.com"]

[Event "Titled Tuesday Blitz October 31 Late 2023"]
[White "Estrada Nieto, Julian"]
[Black "Martinez, Shawn"]
[WhiteFideId "5101018"]
[BlackFideId "2039770"]
[WhiteElo "2489"]
[BlackElo "2360"]
[Result "1-0"]
[Round "8"]
[TimeControl "180+1"]
[Date "2023.10.31"]
[WhiteClock "0:00:54"]
[BlackClock "0:00:23"]
[Board "96"]

1. e4 c5 2. Nf3 e6 3. c3 a6 4. d4 cxd4 5. cxd4 Nf6 6. Nc3 b5 7. e5 Nd5 8. Nxd5 exd5 9. Bd3 Be7 10. O-O O-O 11. Bf4 d6 12. h3 dxe5 13. Nxe5 Be6 14. Rc1 Bg5 15. Qd2 Bxf4 16. Qxf4 Nd7 17. a3 Nf6 18. Rc5 Rc8 19. Rfc1 Qa5 20. Nc6 Qc7 21. Qh4 Qd6 22. b4 h6 23. Bb1 Rc7 24. Qg3 Qxg3 25. fxg3 Nd7 26. Ne7+ 1-0


[Site "https://www.chess.com"]

[Event "Titled Tuesday Blitz October 31 Late 2023"]
[White "ATM622"]
[Black "Fernandez, Maria Florencia"]
[BlackFideId "116459"]
[WhiteElo "2438"]
[BlackElo "2326"]
[Result "0-1"]
[Round "8"]
[TimeControl "180+1"]
[Date "2023.10.31"]
[WhiteClock "0:00:00"]
[BlackClock "0:00:01"]
[Board "97"]

1. d4 Nf6 2. c4 g6 3. g3 Bg7 4. Bg2 O-O 5. Nf3 d6 6. O-O Nc6 7. Nc3 Bf5 8. Ne1 e5 9. d5 Ne7 10. e4 Bd7 11. f4 Ne8 12. Nd3 f5 13. fxe5 dxe5 14. Nc5 f4 15. gxf4 exf4 16. Bxf4 b6 17. Nxd7 Qxd7 18. e5 Nf5 19. e6 Qe7 20. d6 Nexd6 21. Bxa8 Rxa8 22. Qd5 Re8 23. Rae1 Qh4 24. Bxd6 Bd4+ 25. Kh1 Ng3+ 26. Kg2 Nxf1 27. e7+ Kg7 28. Rxf1 cxd6 29. Qf7+ Kh6 30. Qxe8 Qg4+ 31. Kh1 Bxc3 32. Qf8+ Bg7 33. Qf3 Qe6 34. Qf4+ g5 0-1


[Site "https://www.chess.com"]

[Event "Titled Tuesday Blitz October 31 Late 2023"]
[White "Wanyama, Harold"]
[Black "Harriott, Tyrell"]
[WhiteFideId "10000380"]
[BlackFideId "2086484"]
[WhiteElo "2438"]
[BlackElo "2316"]
[Result "0-1"]
[Round "8"]
[TimeControl "180+1"]
[Date "2023.10.31"]
[WhiteClock "0:00:00"]
[BlackClock "0:00:11"]
[Board "98"]

1. d4 e6 2. c4 d5 3. g3 c6 4. Bg2 f5 5. Nf3 Bd6 6. O-O Nf6 7. Nfd2 O-O 8. Qc2 f4 9. e4 fxe3 10. fxe3 Ng4 11. Nf3 Bd7 12. Nc3 Na6 13. Qe2 Qe8 14. e4 Qh5 15. e5 Be7 16. h3 Nh6 17. g4 Qg6 18. Bd2 Nb4 19. Rad1 c5 20. cxd5 exd5 21. a3 cxd4 22. Nxd4 Bc5 23. Bxh6 Bxd4+ 24. Rxd4 Nc6 25. Be3 Nxd4 26. Bxd4 Bc6 27. e6 Rxf1+ 28. Bxf1 Re8 29. e7 h5 30. Bg2 hxg4 31. hxg4 Qd6 32. Qf2 Qxe7 33. Bxa7 Qe1+ 34. Qxe1 Rxe1+ 35. Kf2 Rc1 36. Bd4 Rc2+ 37. Ne2 g5 38. Bf3 Kf7 39. Ke3 Ke6 40. Bc3 Kd6 41. Nd4 Rh2 42. b4 Bd7 43. Nf5+ Bxf5 44. gxf5 Rh3 45. Kf2 g4 46. Bxd5 Rxc3 47. Bxb7 Ke5 48. a4 Rc4 49. b5 Rxa4 50. Bc8 Rb4 51. Bd7 Kf4 52. f6 Kg5 53. f7 Rf4+ 54. Kg3 Rxf7 55. Bxg4 Rf4 56. Bf3 Rb4 57. Bc6 Rb3+ 58. Kf2 Kf4 59. Ke2 Ke5 60. Kd2 Kd4 61. Kc2 Rb4 62. Kd2 Rb2+ 63. Kc1 Kc3 64. Kd1 Kd3 65. Ke1 Rb4 66. Kf2 Kd4 67. Kf3 Ke5 68. Ke3 Rb3+ 69. Kd2 Kd4 70. Kc2 Rb4 71. Be8 Kc5 72. Bc6 Rc4+ 73. Kb3 Rb4+ 74. Ka3 Kc4 75. Ka2 Kc3 76. Ka1 Ra4+ 77. Kb1 Ra5 78. Be8 Ra8 79. Bc6 Rf8 0-1


[Site "https://www.chess.com"]

[Event "Titled Tuesday Blitz October 31 Late 2023"]
[White "Su, Dion"]
[Black "Bazzano, Sebastian"]
[WhiteFideId "2029731"]
[BlackFideId "104566"]
[WhiteElo "2416"]
[BlackElo "2277"]
[Result "0-1"]
[Round "8"]
[TimeControl "180+1"]
[Date "2023.10.31"]
[WhiteClock "0:00:31"]
[BlackClock "0:00:13"]
[Board "99"]

1. e4 e6 2. d4 d5 3. Nd2 dxe4 4. Nxe4 Bd7 5. Nf3 Bc6 6. Ng3 Nd7 7. Bd3 Ngf6 8. Qe2 Bxf3 9. Qxf3 c6 10. c3 Bd6 11. Bd2 O-O 12. O-O-O c5 13. Bg5 cxd4 14. Bc2 Qa5 15. Rxd4 Qxg5+ 16. Kb1 Bxg3 17. hxg3 h6 18. Qd3 Ne5 19. f4 Nxd3 20. fxg5 Nf2 21. Rf1 N6g4 22. g6 fxg6 23. Bxg6 Rad8 24. Rb4 b6 25. Bh5 Ne3 26. Re1 Nf5 27. Rxe6 Nxg3 28. Bf3 Nd3 29. Rg4 Nf5 30. Be4 Nc5 31. Bxf5 Rxf5 32. Re7 Rf7 33. Rxf7 Kxf7 34. b4 Ne6 35. a4 Rd2 36. g3 g5 37. Rc4 h5 38. Rc8 Rd3 39. Kc2 Rxg3 40. Ra8 h4 41. Rxa7+ Kf6 42. Rh7 h3 43. a5 bxa5 44. bxa5 Rg2+ 45. Kb3 h2 46. Kb4 Kf5 47. a6 g4 48. a7 Ra2 49. Rxh2 Rxa7 50. c4 Kf4 51. c5 g3 52. Rh8 Nxc5 53. Kxc5 Rd7 0-1


[Site "https://www.chess.com"]

[Event "Titled Tuesday Blitz October 31 Late 2023"]
[White "Pinto, Daniel"]
[Black "De Souza, Cristiano Gomes"]
[WhiteFideId "3303144"]
[BlackFideId "2151758"]
[WhiteElo "2410"]
[BlackElo "2250"]
[Result "1-0"]
[Round "8"]
[TimeControl "180+1"]
[Date "2023.10.31"]
[WhiteClock "0:00:04"]
[BlackClock "0:00:00"]
[Board "100"]

1. Nf3 Nf6 2. c4 g6 3. b3 Bg7 4. Bb2 O-O 5. e3 d6 6. Be2 c5 7. Qc2 Nc6 8. a3 b6 9. Nc3 Bb7 10. O-O-O d5 11. cxd5 Nxd5 12. Nxd5 Qxd5 13. Bxg7 Kxg7 14. h4 h5 15. Kb2 Rad8 16. Rhg1 Qe6 17. Qc3+ Qf6 18. g4 hxg4 19. Rxg4 Qxc3+ 20. Kxc3 Bc8 21. Rg3 e5 22. h5 e4 23. Ng5 Bf5 24. hxg6 fxg6 25. Bg4 Rd3+ 26. Kc2 Na5 27. Bxf5 Rxf5 28. Nxe4 Rxb3 29. Rdg1 Rxa3 30. Rxg6+ Kf8 31. Rg8+ Ke7 32. R1g7+ Ke6 33. Re8+ Kd5 34. Nc3+ Rxc3+ 35. Kxc3 Rxf2 36. Rxa7 Kc6 37. Rc8+ Kb5 38. Rd8 Nc4 39. Ra1 Ne5 40. Rb1+ Kc6 41. d4 cxd4+ 42. Rxd4 Rf3 43. Kd2 Rh3 44. Rc1+ Kb7 45. Re4 Nc6 46. Re6 1-0


[Site "https://www.chess.com"]

[Event "Titled Tuesday Blitz October 31 Late 2023"]
[White "el_sporco"]
[Black "Modric, Nesa"]
[BlackFideId "922579"]
[WhiteElo "2405"]
[BlackElo "2241"]
[Result "1/2-1/2"]
[Round "8"]
[TimeControl "180+1"]
[Date "2023.10.31"]
[WhiteClock "0:00:04"]
[BlackClock "0:00:08"]
[Board "101"]

1. e4 d5 2. exd5 Qxd5 3. Nc3 Qa5 4. d4 c6 5. Nf3 Nf6 6. Ne5 Nbd7 7. Nc4 Qd8 8. Bf4 Nb6 9. Ne3 Nbd5 10. Ncxd5 Nxd5 11. Bg3 Nxe3 12. fxe3 Bf5 13. Bc4 e6 14. O-O Bd6 15. e4 Bxe4 16. Qg4 Bg6 17. Bxe6 O-O 18. Bb3 Bxg3 19. hxg3 Qd6 20. c3 Rae8 21. Rae1 Rxe1 22. Rxe1 c5 23. Qf4 Qb6 24. dxc5 Qxc5+ 25. Qd4 Qc7 26. Qf4 Qb6+ 27. Qd4 Qc7 28. Qf4 Qb6+ 29. Kh2 a6 30. Re7 Qc6 31. Rc7 Qb6 32. Re7 Qc6 33. Rc7 Qb6 34. Re7 1/2-1/2


[Site "https://www.chess.com"]

[Event "Titled Tuesday Blitz October 31 Late 2023"]
[White "Do Nascimento,Christian Almeida"]
[Black "FuenfgegenWilly"]
[WhiteFideId "2143801"]
[WhiteElo "2565"]
[BlackElo "2393"]
[Result "1-0"]
[Round "8"]
[TimeControl "180+1"]
[Date "2023.10.31"]
[WhiteClock "0:00:16"]
[BlackClock "0:00:00"]
[Board "102"]

1. e4 Na6 2. Bxa6 bxa6 3. d4 Bb7 4. Nc3 e6 5. Nge2 Nf6 6. f3 d6 7. Bg5 h6 8. Bh4 Be7 9. Qd3 e5 10. O-O-O Rb8 11. dxe5 dxe5 12. Qc4 Qc8 13. g4 Qe6 14. Qxe6 fxe6 15. Bg3 Bd6 16. Kb1 Ke7 17. Nc1 Rhf8 18. Nd3 Nd7 19. Rhf1 Bc6 20. h4 Rf7 21. h5 Rbf8 22. Ne1 Bb4 23. Rd3 Bd6 24. a3 Nf6 25. Bh4 Kd7 26. Rg1 Nh7 27. Rg2 Ke8 28. Rgd2 Kd7 29. b4 a5 30. b5 Rb8 31. a4 a6 32. Bg3 Ke8 33. Rxd6 cxd6 34. Rxd6 Bd7 35. Bxe5 axb5 36. Rxd7 Rxd7 37. Bxb8 b4 38. Be5 bxc3 39. Bxc3 Ng5 40. Kc1 Kf7 41. Bxa5 Ra7 42. Bc3 Rxa4 43. Kd2 Nh3 44. Nd3 Ng1 45. Ke3 Ra2 46. Nb4 Ra3 47. Kd3 Nxf3 48. Kc4 Ra8 49. Nc6 Rc8 50. Kb5 Nh2 51. Kb6 Nxg4 52. Kb7 Re8 53. Kc7 g6 54. hxg6+ Kxg6 55. Kd7 Kf7 56. Nd8+ Rxd8+ 57. Kxd8 h5 58. Be1 Ne3 59. c3 Ng2 60. Bg3 h4 61. Bh2 Ne3 62. Kd7 h3 63. Kd6 Ng4 64. Bg3 h2 65. Bxh2 Nxh2 66. c4 Ng4 67. c5 Nf6 68. c6 Nxe4+ 69. Ke5 1-0


[Site "https://www.chess.com"]

[Event "Titled Tuesday Blitz October 31 Late 2023"]
[White "Tifferet, Shaked"]
[Black "Freeeeeeeeeeeeeeeeee"]
[WhiteFideId "2811529"]
[WhiteElo "2549"]
[BlackElo "2054"]
[Result "1-0"]
[Round "8"]
[TimeControl "180+1"]
[Date "2023.10.31"]
[WhiteClock "0:00:33"]
[BlackClock "0:00:00"]
[Board "103"]

1. e4 d6 2. d4 e6 3. h4 Nf6 4. Nc3 Nbd7 5. f3 c5 6. Nge2 cxd4 7. Nxd4 a6 8. h5 Qc7 9. h6 g6 10. Be3 b5 11. Bd3 Bb7 12. O-O Ne5 13. a4 b4 14. Nce2 Be7 15. Nf4 Nxd3 16. Nxd3 e5 17. Ne2 O-O 18. Nxb4 Rfd8 19. Nc3 Qc4 20. Nbd5 Nxd5 21. Nxd5 Bxd5 22. Qxd5 Qxc2 23. Rac1 Qxa4 24. Rc7 Qe8 25. b4 Rab8 26. Bd2 Rb5 27. Qc6 d5 28. exd5 Qxc6 29. dxc6 Bxb4 30. Bg5 Re8 31. Rd7 e4 32. c7 Rc5 33. Be3 Rc6 34. fxe4 Bd6 35. Rfxf7 1-0


[Site "https://www.chess.com"]

[Event "Titled Tuesday Blitz October 31 Late 2023"]
[White "Balla, Tamas-Kristof"]
[Black "Martin Carmona, Gaston Manuel"]
[WhiteFideId "1208497"]
[BlackFideId "22284567"]
[WhiteElo "2331"]
[BlackElo "2537"]
[Result "0-1"]
[Round "8"]
[TimeControl "180+1"]
[Date "2023.10.31"]
[WhiteClock "0:00:12"]
[BlackClock "0:00:44"]
[Board "104"]

1. e4 c5 2. c3 d6 3. d4 Nf6 4. Bd3 e5 5. dxe5 dxe5 6. Nf3 Bd6 7. h3 O-O 8. O-O h6 9. Be3 Nc6 10. Bc2 Qe7 11. Na3 Be6 12. Qe2 a6 13. Nc4 Bc7 14. Bd2 b5 15. Ne3 c4 16. Rad1 Rfd8 17. Rfe1 Na5 18. Bc1 Nb7 19. Nd5 Nxd5 20. exd5 Rxd5 21. Nxe5 Rxe5 22. Qf3 Rxe1+ 23. Rxe1 Bd6 24. Qe4 g6 25. Bxh6 Re8 26. Qd4 f6 27. Bxg6 Be5 28. Qe3 Bf7 29. Bxf7+ Kxf7 30. Qe4 Nd6 31. Qh7+ Ke6 32. Qc2 Kd7 33. f4 Bd4+ 0-1


[Site "https://www.chess.com"]

[Event "Titled Tuesday Blitz October 31 Late 2023"]
[White "Padalka, Artem"]
[Black "HeroRubiksCube"]
[WhiteFideId "14118637"]
[WhiteElo "2328"]
[BlackElo "2486"]
[Result "0-1"]
[Round "8"]
[TimeControl "180+1"]
[Date "2023.10.31"]
[WhiteClock "0:00:55"]
[BlackClock "0:01:01"]
[Board "105"]

1. e4 d5 2. exd5 Nf6 3. d4 Bg4 4. f3 Bf5 5. c4 e6 6. dxe6 Nc6 7. d5 Nb4 8. exf7+ Kxf7 9. Na3 Bc5 10. Be2 Re8 11. Kf1 c6 12. Bg5 h6 13. Bh4 Qb6 14. g4 Bg6 15. Bxf6 gxf6 16. Nh3 Bd4 17. Nf4 Bxb2 18. Nxg6 Bxa1 19. Qxa1 Qe3 20. Bd1 Kxg6 21. Qb1+ Nd3 22. Bc2 Qf2# 0-1


[Site "https://www.chess.com"]

[Event "Titled Tuesday Blitz October 31 Late 2023"]
[White "Chocenka, Dmitrijus"]
[Black "Kujawski, Adam"]
[WhiteFideId "12802336"]
[BlackFideId "1100920"]
[WhiteElo "2481"]
[BlackElo "2325"]
[Result "0-1"]
[Round "8"]
[TimeControl "180+1"]
[Date "2023.10.31"]
[WhiteClock "0:00:27"]
[BlackClock "0:00:10"]
[Board "106"]

1. e4 e5 2. Nf3 Nc6 3. Bc4 Nf6 4. d3 d5 5. exd5 Nxd5 6. O-O Nb6 7. Bb5 Bd6 8. Re1 f6 9. d4 O-O 10. Bxc6 bxc6 11. dxe5 fxe5 12. h3 e4 13. Bg5 Qe8 14. Nc3 Bf5 15. Nh4 Qe5 16. f4 Qc5+ 17. Kh1 h6 18. Nxf5 Qxf5 19. Nxe4 hxg5 20. fxg5 Rae8 21. Nxd6 Rxe1+ 22. Qxe1 cxd6 23. Qg3 Qf4 24. Qd3 Nd5 25. c4 Ne3 26. Re1 Nxg2 27. Re7 Nh4 28. Qe2 Qc1+ 29. Kh2 Nf3+ 30. Kg3 Qxg5+ 31. Kf2 Nd4+ 0-1


[Site "https://www.chess.com"]

[Event "Titled Tuesday Blitz October 31 Late 2023"]
[White "iJueles"]
[Black "SlippperyWhenWet"]
[WhiteElo "2439"]
[BlackElo "2316"]
[Result "1-0"]
[Round "8"]
[TimeControl "180+1"]
[Date "2023.10.31"]
[WhiteClock "0:01:19"]
[BlackClock "0:00:47"]
[Board "107"]

1. d4 d5 2. c4 e6 3. Nc3 Nf6 4. Bg5 Be7 5. e3 O-O 6. Qc2 Nbd7 7. cxd5 Nxd5 8. Bxe7 Qxe7 9. Bd3 N7f6 10. a3 Nxc3 11. bxc3 e5 12. Ne2 c5 13. O-O cxd4 14. cxd4 Bg4 15. dxe5 Qxe5 16. Nd4 Rac8 17. Qb3 b6 18. Rac1 Bd7 19. Ba6 Rxc1 20. Rxc1 Ne4 21. Bb7 Nc5 22. Qd5 Qxd5 23. Bxd5 Be6 24. Bxe6 fxe6 25. Kf1 Rxf2+ 26. Kxf2 Nd3+ 27. Kf3 Nxc1 28. Nxe6 Nb3 29. Ke4 Kf7 30. Kd5 Nd2 31. Nd8+ Kf6 32. e4 Nb1 33. e5+ Ke7 34. Nc6+ Ke8 35. Nxa7 Nxa3 36. e6 b5 37. Nc8 Nc4 38. Kc5 Ne3 39. Kxb5 Nxg2 40. Kc5 Nf4 41. Kd6 g5 42. Ke5 Ng6+ 43. Kf6 g4 44. Nd6+ Kf8 45. Nf5 h5 46. Kxg6 h4 47. Nxh4 Ke7 48. Kf5 g3 49. hxg3 1-0


[Site "https://www.chess.com"]

[Event "Titled Tuesday Blitz October 31 Late 2023"]
[White "Bibasa, Bob"]
[Black "Zivic, Dragan"]
[WhiteFideId "10000240"]
[BlackFideId "904740"]
[WhiteElo "2429"]
[BlackElo "2307"]
[Result "1/2-1/2"]
[Round "8"]
[TimeControl "180+1"]
[Date "2023.10.31"]
[WhiteClock "0:00:06"]
[BlackClock "0:00:08"]
[Board "108"]

1. e4 c6 2. c4 d5 3. Nc3 dxe4 4. Nxe4 Bf5 5. Ng3 Bg6 6. Nf3 Nd7 7. d4 e6 8. Be2 Bb4+ 9. Bd2 Bxd2+ 10. Qxd2 Ngf6 11. O-O O-O 12. h4 h6 13. Qf4 b5 14. b3 Re8 15. Ne5 Nxe5 16. dxe5 Nd7 17. cxb5 cxb5 18. Bxb5 Qe7 19. Rfd1 Red8 20. h5 Bh7 21. Rac1 Nb6 22. Ne4 Rxd1+ 23. Rxd1 Nd5 24. Qg4 Bxe4 25. Qxe4 Rb8 26. Qd3 Qa3 27. Bc4 Nb4 28. Qd6 Rf8 29. Kh2 a5 30. Rd2 a4 31. Rd4 Nc2 32. Qxa3 Nxa3 33. b4 Rc8 34. Bd3 Nc2 35. Bxc2 Rxc2 36. b5 Rxa2 37. Rb4 Rd2 38. b6 Rd8 39. Rxa4 Rb8 40. Rb4 Kf8 41. Kg3 Ke7 42. Kf4 Kd7 43. g4 Kc6 44. g5 hxg5+ 45. Kxg5 Rxb6 46. Rd4 Rb5 47. f4 Rd5 48. Rc4+ Kd7 49. h6 gxh6+ 50. Kxh6 Ke7 51. Kg7 Rd7 52. Rb4 Ra7 53. Rd4 Rc7 54. Ra4 Rb7 55. Ra1 Rc7 56. Rh1 Rc3 57. Rh6 Rg3+ 58. Kh7 Rg4 59. Rf6 Kf8 60. Kh6 Rg1 61. Kh5 Kg7 62. Kh4 Rg6 63. Rxg6+ Kxg6 64. Kg4 Kh6 65. f5 Kg7 66. Kg5 exf5 67. Kxf5 Kg8 68. Kf6 Kf8 69. Kf5 Ke7 70. Ke4 Ke6 71. Kf4 f6 72. exf6 Kxf6 1/2-1/2


[Site "https://www.chess.com"]

[Event "Titled Tuesday Blitz October 31 Late 2023"]
[White "Shapiro, Daniel"]
[Black "Liu, Casper"]
[WhiteFideId "2001780"]
[BlackFideId "1454153"]
[WhiteElo "2316"]
[BlackElo "2426"]
[Result "1-0"]
[Round "8"]
[TimeControl "180+1"]
[Date "2023.10.31"]
[WhiteClock "0:00:04"]
[BlackClock "0:00:00"]
[Board "109"]

1. d4 Nf6 2. c4 g6 3. Nc3 Bg7 4. e4 O-O 5. Be2 d6 6. Nf3 Nc6 7. O-O Bg4 8. Be3 e5 9. dxe5 Bxf3 10. gxf3 Nxe5 11. f4 Nc6 12. Bf3 Re8 13. Qc2 Nd7 14. Rad1 Qh4 15. Nd5 Nde5 16. fxe5 Bxe5 17. Rfe1 Bxh2+ 18. Kf1 Ne5 19. Bg2 Rac8 20. Qc3 c6 21. Nb4 Ng4 22. c5 Re6 23. cxd6 Rf6 24. Rd2 Bg3 25. Ree2 Rd8 26. Bxa7 Be5 27. Qd3 Rfxd6 28. Qc2 Qf6 29. Bc5 Rxd2 30. Rxd2 Bd4 31. Bxd4 Rxd4 32. Rxd4 Qxd4 33. Nd3 Qf6 34. Qe2 h5 35. e5 Qe7 36. Ke1 Qd8 37. f4 Qa5+ 38. Kf1 Qxa2 39. e6 fxe6 40. Qe4 1-0


[Site "https://www.chess.com"]

[Event "Titled Tuesday Blitz October 31 Late 2023"]
[White "Skaric, Djuro"]
[Black "szachmistrz2500"]
[WhiteFideId "934569"]
[WhiteElo "2304"]
[BlackElo "2414"]
[Result "0-1"]
[Round "8"]
[TimeControl "180+1"]
[Date "2023.10.31"]
[WhiteClock "0:00:12"]
[BlackClock "0:00:21"]
[Board "110"]

1. g3 c5 2. Bg2 g6 3. d3 Bg7 4. Nc3 e5 5. e4 Ne7 6. f4 Nbc6 7. Nf3 d5 8. fxe5 d4 9. Ne2 Nxe5 10. Nxe5 Bxe5 11. Bh6 Be6 12. O-O Qd7 13. Nf4 O-O-O 14. Nxe6 Qxe6 15. Qf3 f6 16. Bf4 Rhf8 17. a4 Nc6 18. a5 a6 19. Ra4 Kb8 20. Rc4 Qe7 21. c3 Nxa5 22. Ra4 Nc6 23. b4 dxc3 24. bxc5 Qxc5+ 25. Kh1 Bxf4 26. gxf4 c2 27. Rc4 Qd6 28. Rxc2 Qxd3 29. Qf2 Qd4 30. Qg3 Nb4 31. Rcc1 Nd3 32. Rb1 Rf7 33. h4 Rc7 34. Kh2 Nc5 35. e5 fxe5 36. fxe5 Re8 37. Rfe1 Re6 38. Kh1 Rce7 39. Rbd1 Qb4 40. Rd8+ Ka7 41. Bd5 Rb6 42. Re3 Qb1+ 43. Kh2 Rb2+ 44. Kh3 Qf5+ 45. Qg4 Rh2+ 46. Kg3 Qf2# 0-1


[Site "https://www.chess.com"]

[Event "Titled Tuesday Blitz October 31 Late 2023"]
[White "Novikova, Galina"]
[Black "rikchessmx"]
[WhiteFideId "4157095"]
[WhiteElo "2400"]
[BlackElo "2288"]
[Result "1-0"]
[Round "8"]
[TimeControl "180+1"]
[Date "2023.10.31"]
[WhiteClock "0:00:04"]
[BlackClock "0:00:00"]
[Board "111"]

1. e4 e5 2. Nf3 Nc6 3. Bc4 Bc5 4. b4 Bxb4 5. c3 Ba5 6. d4 exd4 7. O-O dxc3 8. Qb3 Qf6 9. e5 Qg6 10. Nxc3 Nge7 11. Bf4 Bb6 12. Nd5 Nxd5 13. Bxd5 O-O 14. Rad1 d6 15. exd6 cxd6 16. Bxd6 Bg4 17. Bxf8 Rxf8 18. Qd3 Bf5 19. Qb5 Bg4 20. Kh1 Nd4 21. Qd3 Qh5 22. Bxb7 Rd8 23. Qe3 h6 24. Qf4 Rd7 25. Bc8 Bxf3 26. gxf3 Rd8 27. Bg4 Qh4 28. Rd3 h5 29. Qg3 1-0


[Site "https://www.chess.com"]

[Event "Titled Tuesday Blitz October 31 Late 2023"]
[White "Mushini Ajay"]
[Black "Broca Jimenez, Fernando"]
[WhiteFideId "35066188"]
[BlackFideId "5104742"]
[WhiteElo "2389"]
[BlackElo "2244"]
[Result "0-1"]
[Round "8"]
[TimeControl "180+1"]
[Date "2023.10.31"]
[WhiteClock "0:00:14"]
[BlackClock "0:01:07"]
[Board "112"]

1. e4 c5 2. Nf3 g6 3. d4 cxd4 4. c3 Bg7 5. cxd4 d5 6. e5 Bg4 7. Nc3 Nc6 8. Be3 e6 9. h3 Bxf3 10. Qxf3 Nge7 11. Bd3 Qb6 12. O-O Nxd4 13. Qf4 Nec6 14. Nb5 Bxe5 15. Nd6+ Bxd6 16. Qxd6 Qd8 17. Qc5 Nf5 18. Bxf5 gxf5 19. Rfe1 Qa5 20. Qd6 Rd8 21. Qf4 Qb4 22. Qg5 Qe7 23. Qh5 Kd7 24. Rac1 f6 25. Bc5 Qg7 26. Qf3 Rhg8 27. b4 Ne5 28. Qf4 Qxg2# 0-1


[Site "https://www.chess.com"]

[Event "Titled Tuesday Blitz October 31 Late 2023"]
[White "nicholas_ilic"]
[Black "Quirke, Jeffrey"]
[BlackFideId "2013029"]
[WhiteElo "2386"]
[BlackElo "2231"]
[Result "0-1"]
[Round "8"]
[TimeControl "180+1"]
[Date "2023.10.31"]
[WhiteClock "0:00:00"]
[BlackClock "0:00:15"]
[Board "113"]

1. e4 e6 2. d4 d5 3. e5 c5 4. c3 Nc6 5. Nf3 Bd7 6. Bd3 Nge7 7. O-O Rc8 8. a3 Nf5 9. Bxf5 exf5 10. dxc5 Be6 11. b4 Be7 12. Re1 O-O 13. Nd4 Qd7 14. Nd2 h6 15. f4 g5 16. fxg5 hxg5 17. N2f3 g4 18. Ng5 Kg7 19. Bf4 Rh8 20. Qd2 Rh5 21. c4 Nxd4 22. Nxe6+ Nxe6 23. cxd5 Nxf4 24. Qxf4 Bg5 25. Qd4 Qe7 26. Rad1 Rch8 27. e6+ Qf6 28. Qxf6+ Bxf6 29. e7 Rxh2 30. e8=N+ Kg6 31. Nxf6 g3 32. Kf1 Kxf6 33. Ke2 Rxg2+ 34. Kf3 Ra2 35. d6 Rxa3+ 36. Kg2 Rd8 37. Re2 Rb3 38. Rd4 a5 39. Re7 Rh8 40. Rxb7 Rh2+ 41. Kg1 Rb1+ 0-1


[Site "https://www.chess.com"]

[Event "Titled Tuesday Blitz October 31 Late 2023"]
[White "Alfaro, William"]
[Black "Baghdasaryan, Vahe"]
[WhiteFideId "6100457"]
[BlackFideId "13303139"]
[WhiteElo "2197"]
[BlackElo "2375"]
[Result "1-0"]
[Round "8"]
[TimeControl "180+1"]
[Date "2023.10.31"]
[WhiteClock "0:00:07"]
[BlackClock "0:00:09"]
[Board "114"]

1. e4 e5 2. Nf3 Nc6 3. Bc4 Nf6 4. d3 Bc5 5. O-O O-O 6. a4 d6 7. a5 a6 8. c3 Bg4 9. Be3 Ba7 10. h3 Bh5 11. Nbd2 Bxe3 12. fxe3 d5 13. exd5 Nxd5 14. Qe1 Bg6 15. d4 exd4 16. exd4 Re8 17. Qg3 Ne3 18. Rfe1 Nxc4 19. Nxc4 Qd5 20. Nfe5 Re6 21. Nxg6 Rxg6 22. Ne3 Qh5 23. Ng4 f5 24. Re5 Nxe5 25. Qxe5 Qg5 26. Ne3 Rf8 27. Rf1 f4 28. Qxg5 Rxg5 29. Nc4 Rb5 30. b4 Rg5 31. Ne5 c6 32. Nd7 Rf7 33. Ne5 Rf6 34. Nd7 Rff5 35. Re1 f3 36. Re8+ Kf7 37. Rf8+ Ke7 38. Rxf5 Rxf5 39. Nc5 fxg2 40. Kxg2 Rg5+ 41. Kf2 Rh5 42. Kg2 Kd6 43. Nxb7+ Kc7 44. Nc5 Rg5+ 45. Kf2 Rf5+ 46. Kg2 Rf8 47. Ne6+ Kd6 48. Nxf8 Kd5 49. Nxh7 Kc4 50. Ng5 Kxc3 51. Ne6 Kxb4 52. Nc5 Kxa5 53. h4 Kb5 54. Kf3 Kc4 55. Ke4 Kb5 56. Ke5 a5 57. Kd6 a4 58. Nxa4 Kxa4 59. Kxc6 Kb4 60. d5 Kc4 61. d6 Kd4 62. d7 g5 63. d8=Q+ Ke4 64. Qxg5 1-0


[Site "https://www.chess.com"]